 Dungeon Crawl Stone Soup version 0.30-a0-341-g682706514a (webtiles) character file.

Game seed: 16971666978981049389

254399 sanka the Worldbinder (level 18, -4/158 HPs)
             Began as a Demigod Summoner on Nov 1, 2022.
             Drowned by a water nymph (12 damage)
             ... on level 3 of the Shoals on Nov 3, 2022.
             The game lasted 02:37:05 (42140 turns).

sanka the Worldbinder (Demigod Summoner)           Turns: 42140, Time: 02:37:06

Health: -4/158     AC: 38    Str: 31    XL:     18   Next: 69%
Magic:  5/35       EV: 15    Int: 36    God:
Gold:   736        SH:  0    Dex: 18    Spells: 15/33 levels left

rFire   . . .      SeeInvis +    a - +4 mace of the Hills {freeze, rElec rF+ Str+3 Dex+4}
rCold   + . .      Faith    .    (no shield)
rNeg    . . .      Spirit   .    t - +11 plate armour "Ytsudom" {Will+}
rPois   +          Reflect  .    r - +0 helmet
rElec   +          Harm     .    F - +1 cloak "Wuseh" {Int+3 SInv}
rCorr   .          Rampage  .    Y - +2 pair of gloves {infuse}
Will    ++...                    N - +2 pair of boots {Fly}
Stlth   ..........               c - amulet of magic regeneration
HPRegen 0.46/turn                T - +6 ring of strength
MPRegen 0.64/turn                b - ring "Zeliepsi" {Ice Drain Fly rPois Str+5}

@: flying, studying Unarmed Combat
A: high MP 1, forlorn, divine attributes
}: 1/15 runes: gossamer
a: no special abilities


You were on level 3 of the Shoals.
You visited 5 branches of the dungeon, and saw 30 of its levels.
You also visited: Gauntlet, Ice Cave and Volcano.

You collected 3404 gold pieces.
You spent 2668 gold pieces at shops.


Innate Abilities, Weirdness & Mutations

You have an increased reservoir of magic. (+10% MP)
You shall have no god before yourself.
Your divine heritage dramatically boosts your attributes as you level up.


   Skills:
 - Level 13.5 Fighting
 + Level 13.3 Armour
 - Level 13.4 Dodging
 - Level 1.7 Stealth
 - Level 8.0 Spellcasting
 + Level 21.0 Summonings
 - Level 3.0 Air Magic


You had 15 spell levels left.
You knew the following spells:

 Your Spells              Type           Power      Damage    Failure   Level
c - Call Canine Familiar  Summ           100%       N/A       0%          3
v - Summon Hydra          Summ           52%        N/A       2%          7
y - Animate Armour        Summ/Erth      100%       N/A       1%          4
Z - Summon Lightning Spi  Summ/Air       79%        N/A       1%          4

Your spell library contained the following spells:

 Spells                   Type           Power      Damage    Failure   Level
 Summon Small Mammal      Summ           100%       N/A       0%          1
 Call Imp                 Summ           100%       N/A       0%          2
 Summon Guardian Golem    Hex/Summ       74%        N/A       1%          3
 Static Discharge         Conj/Air       50%        2-5/arc   13%         2
 Swiftness                Air            36%        N/A       14%         3
 Apportation              Tloc           28%        N/A       16%         1
 Foxfire                  Conj/Fire      56%        2x1d6     16%         1
 Magic Dart               Conj           56%        1d5       16%         1
 Necrotise                Necr           56%        1d6       16%         1
 Blink                    Tloc           28%        N/A       24%         2
 Ensorcelled Hibernation  Hex/Ice        42%        N/A       24%         2
 Passwall                 Tmut/Erth      11%        N/A       24%         2
 Searing Ray              Conj           28%        2d5       24%         2
 Sublimation of Blood     Necr           14%        N/A       24%         2
 Wereblood                Tmut           14%        N/A       24%         2
 Vhi's Electric Charge    Tloc/Air       50%        N/A       26%         3
 Kindle Blastsparks       Fire/Tloc/Air  42%        2d13      30%         3
 Mephitic Cloud           Conj/Pois/Air  21%        N/A       30%         3
 Dazzling Flash           Conj/Hex       28%        N/A       43%         3
 Gell's Gravitas          Tloc           14%        N/A       43%         3
 Lesser Beckoning         Tloc           28%        N/A       43%         3
 Ozocubu's Armour         Ice            21%        N/A       43%         3
 Teleport Other           Tloc           14%        N/A       43%         3
 Vampiric Draining        Necr           14%        2d7       43%         3
 Fulminant Prism          Conj/Hex       7%         3d6       83%         4
 Iskenderun's Mystic Bla  Conj/Tloc      14%        2d5       83%         4
 Manifold Assault         Tloc           14%        N/A       83%         4
 Petrify                  Tmut/Erth      14%        N/A       83%         4
 Arcjolt                  Conj/Air       12%        1d22      93%         5
 Lightning Bolt           Conj/Air       12%        1d26      93%         5
 Agony                    Necr           14%        N/A       99%         5
 Blade Hands              Tmut           7%         N/A       99%         5
 Fireball                 Conj/Fire      7%         3d5       99%         5
 Irradiate                Conj/Tmut      7%         3d14      99%         5
 Lee's Rapid Deconstruct  Erth           7%         3d6*      99%         5
 Metabolic Englaciation   Hex/Ice        10%        N/A       99%         5
 Dispersal                Tloc           7%         N/A       100%        6
 Iron Shot                Conj/Erth      7%         9d2       100%        6
 Simulacrum               Ice/Necr       10%        N/A       100%        6
 Starburst                Conj/Fire      7%         6d4       100%        6
 Statue Form              Tmut/Erth      9%         N/A       100%        6
 Storm Form               Tmut/Air       12%        N/A       100%        7
 Maxwell's Capacitive Co  Air            18%        ∞         100%        8

Inventory:

Hand Weapons
 a - the +4 mace of the Hills (weapon) {freeze, rElec rF+ Str+3 Dex+4}

   It freezes those it strikes, dealing additional cold damage.
   It can also slow down cold-blooded creatures.
   Str:       It affects your strength (+3).
   Dex:       It affects your dexterity (+4).
   rF:        It protects you from fire.
   rElec:     It insulates you from electricity.
 H - the +8 demon trident "Rift" {distort, reach+}

   It warps and distorts space around it, and may blink, banish, or inflict
   extra damage upon those it strikes.
   Unwielding it can cause banishment or high damage.
   It can reach especially far, and its reaching attacks ignore other creatures
   in the way.
Missiles
 G - 5 throwing nets {=f}
 J - 2 curare-tipped darts {=f}
Armour
 f - the +4 troll leather armour "Arob" {rElec rF+ Regen+} rF: It protects you from fire. rElec: It insulates you from electricity. Regen: It increases your rate of health regeneration.
 r - a +0 helmet (worn)
 t - the +11 plate armour "Ytsudom" (worn) {Will+}

   Will:      It increases your willpower.
 F - the +1 cloak "Wuseh" (worn) {Int+3 SInv}

   Int:       It affects your intelligence (+3).
   SInv:      It lets you see invisible.
 N - a +2 pair of boots of flying (worn)
 Y - a +2 pair of gloves of infusion (worn)
Jewellery
 b - the ring "Zeliepsi" (right hand) {Ice Drain Fly rPois Str+5}

   [ring of ice]

   It enhances your ice magic.
   Str:       It affects your strength (+5).
   rF:        It makes you vulnerable to fire.
   rC:        It protects you from cold.
   rPois:     It protects you from poison.
   Fly:       It grants you flight.
   Drain:     It drains your maximum health when unequipped.
 c - an amulet of magic regeneration (around neck)
 d - the ring of Obloitug {rElec rC+}

   [ring of protection from cold]

   rC:        It protects you from cold.
   rElec:     It insulates you from electricity.
 u - an amulet of regeneration
 S - a +4 ring of protection
 T - a +6 ring of strength (left hand)
 V - the ring "Forghak" {rElec rN+ AC+4}

   [ring of protection]

   AC:        It affects your AC (+4).
   rElec:     It insulates you from electricity.
   rN:        It protects you from negative energy.
 Z - a ring of poison resistance
Wands
 p - a wand of digging (11)
 v - a wand of mindburst (20)
 x - a wand of polymorph (14)
 D - a wand of light (26)
 M - a wand of roots (24)
Scrolls
 h - 2 scrolls of magic mapping
 m - a scroll of enchant armour
 n - 3 scrolls of summoning
 o - 3 scrolls of fear
 w - 3 scrolls of poison {!r}
 y - 16 scrolls of teleportation {@r4}
 A - 3 scrolls of fog
 C - 6 scrolls of noise {!r}
 E - 5 scrolls of vulnerability {!r}
 K - 3 scrolls of blinking
 L - 4 scrolls of silence {!r}
 W - 4 scrolls of immolation {!r}
Potions
 e - 6 potions of heal wounds {@q2}
 g - 7 potions of might
 i - a potion of berserk rage {!q}
 j - 10 potions of curing {@q1}
 k - 6 potions of ambrosia
 l - 6 potions of attraction {!q}
 s - 2 potions of invisibility
 z - 4 potions of resistance
 B - 6 potions of brilliance
 I - 5 potions of lignification {!q}
 O - 8 potions of mutation {!q}
 P - a potion of haste {@q3}
 Q - a potion of cancellation
 R - 5 potions of magic
Miscellaneous
 U - a condenser vane
 X - a phantom mirror

Dungeon Overview and Level Annotations

Branches:
Dungeon (15/15)            Temple (0/1) D:6            Lair (5/5) D:10
 Shoals (4/4) Lair:2       Spider (4/4) Lair:3        Slime (0/5) Lair:5
    Orc (2/2) D:12            Elf (0/3) Orc:2        Vaults (0/5) D:13
 Depths (0/4) D:15          IceCv (visited)         Volcano (visited)
Gauntlet (visited)

Shops:
D:2 (   D:5 [   D:9 *   D:14 :   Orc:2 [[(*   Shoals:3 *

Portals:
Abyss: D:15

..................~~~~~~~~~~~~~~~
...................P~~~~~~...~~~~
▒▒▒▒..PPPPPP..▒▒▒▒▒.~~~~~~...~~~~
...▒..........▒...▒...~~~....~~~~
.......PPP........▒..........~~~~
............).....▒.▒▒....▒▒.~~~~
...▒...PP..[..▒...▒.▒▒▒..~▒...~~~
▒▒▒▒..........▒▒▒▒▒.▒ ▒▒.....~~~~
..†)..........Dmp..P▒▒▒..~...~~~~
≈.▒▒▒▒▒▒''▒▒▒▒▒▒S▒......~~....~~~
~.▒..▒......▒..▒.▒....<..~.....~~
~.▒..'......'..▒...............~~
~.▒..▒......▒[.▒...............~~
~.▒▒▒▒▒▒▒▒▒▒▒▒▒▒...............~~
.P..............P..............~~
.▒▒▒▒▒.~≈≈≈≈≈≈≈≈~..............~~
.▒ ▒.~≈≈≈≈≈≈≈..........▒.▒...~~


You could see a sea snake, a water nymph (ally target) and a friendly
five-headed hydra (summoned).


Message History

The sea snake is no longer moving slowly.
The sea snake barely misses you.
Unknown command.
The sea snake bites you but does no damage.
Unknown command.
Unknown command.
The sea snake attacks as you move away! The sea snake bites you!
* * * LOW HITPOINT WARNING * * *
The sea snake bites you but does no damage.
Unknown command.
There is an escape hatch in the ceiling here.
The sea snake bites you but does no damage.
The water nymph barely misses you.
The water nymph's watery aura covers the escape hatch in the ceiling.
The sea snake misses you. A mysterious force pulls you upwards.
The hatch slams shut behind you.
Unknown command.
Unknown command.
Unknown command.
A five-headed hydra appears.
The water nymph closely misses you.
The sea snake bites you but does no damage.
Unknown command.
You closely miss the water nymph.
The sea snake bites you but does no damage.
The water nymph touches you. The water nymph drowns you!
You die...

Action                   |  1- 3 |  4- 6 |  7- 9 | 10-12 | 13-15 | 16-18 || total
-------------------------+-------+-------+-------+-------+-------+-------++-------
Melee: Unarmed           |    11 |       |       |       |       |       ||    11
       Dagger            |    52 |       |       |       |       |       ||    52
       Short sword       |    48 |    48 |       |       |       |       ||    96
       Falchion          |       |    39 |       |       |       |       ||    39
       Long sword        |       |    38 |   125 |   292 |    26 |       ||   481
       Punch             |       |       |     1 |     5 |     3 |     4 ||    13
       Mace              |       |       |       |       |   178 |   292 ||   470
       Great sword       |       |       |       |       |    39 |       ||    39
       Scimitar          |       |       |       |       |    12 |       ||    12
 Cast: Summon Small Mamm |     9 |     1 |       |     4 |       |       ||    14
       Call Imp          |    16 |    17 |    10 |     2 |       |       ||    45
       Call Canine Famil |     3 |    20 |    36 |    45 |    20 |     3 ||   127
       Summon Lightning  |       |       |     1 |    31 |    22 |     5 ||    59
       Summon Hydra      |       |       |       |    74 |   443 |   381 ||   898
       Animate Armour    |       |       |       |       |       |    14 ||    14
Evoke: Wand              |       |       |     1 |     2 |       |       ||     3
  Use: Potion            |     1 |     1 |     1 |     7 |     1 |     7 ||    18
       Scroll            |       |       |    14 |    11 |     9 |     2 ||    36
 Stab: Sleeping          |     6 |     2 |     2 |     2 |     1 |       ||    13
       Distracted        |       |     1 |     2 |     7 |     6 |     8 ||    24
       Invisible         |       |       |       |     3 |       |       ||     3
Armor: Robe              |    24 |    38 |    35 |       |       |       ||    97
       Steam dragon scal |       |       |     9 |    67 |       |       ||    76
       Troll leather arm |       |       |       |    96 |   128 |   156 ||   380
       Leather armour    |       |       |       |     1 |       |       ||     1
       Ring mail         |       |       |       |       |    60 |       ||    60
       Plate armour      |       |       |       |       |       |   369 ||   369
Dodge: Dodged            |    63 |    85 |   132 |   371 |   568 |   653 ||  1872

Levels and vault maps discovered:
D:1:      co_arrival_random_square_maze, layout_loops_ring
D:2:      layout_loops_ring, serial_co_window_serial, co_window_paths_a,
          co_window_corner_a, co_window_of_opportunity_a, co_window_corner_a,
          co_window_paths_a, co_window_unsneaky_path_c, co_window_2corner,
          co_window_broadway_c, glass_columns_b, glass_columns_b,
          glass_columns_b, glass_columns_a, serial_shops, shop, minmay_vboxes,
          uniq_natasha
D:3:      layout_rooms, lemuel_coloured_pillars_altar, chequers_hall_statues_y,
          uniq_ijyb, uniq_robin
D:4:      layout_loops_ring, gammafunk_ghost_icy, dreamdust_wishing_well
D:5:      layout_basic, serial_shops, nicolae_shop_advertising_works
          [nicolae_subvault_shop_adworks]
D:6:      layout_gridville, lemuel_round_altar, nicolae_overflow_crystal_walls,
          minmay_temple_entry_purple_smoke
D:7:      layout_rooms, mainiacjoe_overflow_alcove_2, uniq_menkaure,
          uniq_prince_ribbit1, uniq_crazy_yiuf_cottage
D:8:      layout_loops_cross, mainiacjoe_overflow_concentric_impassable,
          mainiacjoe_overflow_chevrons, mainiacjoe_overflow_boulevard,
          uniq_amaemon
D:9:      layout_irregular_city, serial_shops, shop, uniq_erica
D:10:     layout_loops_corners, tso_oasis_becter, lemuel_round_altar,
          lair_entry_dummy
D:11:     layout_small_grid, chequers_avenue
D:12:     layout_rooms, hiddenorc1_lemuel, serial_demonic, serial_demonic_e,
          serial_demonic_c, serial_demonic_a, serial_demonic_a, serial_demonic_d
D:13:     layout_small_grid, david_vaults_5, xom_shifter_show, uniq_snorg
D:14:     layout_cave_pools, lemuel_tele_altar, serial_shops, shop,
          grunt_potential, uniq_azrael
D:15:     gammafunk_depths_entry_grave, layout_long_grid, minivault_19,
          chequers_hall_statues_wall_a, hellmonk_guarded_unrand_rift
Lair:1:   layout_cave_pods, gauntlet_entry_generic, grunt_megastairs_3,
          infiniplex_staircase_pool
Lair:2:   layout_regular_city, elwin_shoals_entry_rooms
Lair:3:   regret_index_wax_grids, layout_gridlike,
          hellmonk_spider_entry_not_the_bees, gammafunk_ghost_cemetery,
          portal_ice_cave_entry_imps, lemuel_fruit_fields
Lair:4:   layout_loops_ring, nicolae_quartered_pool_impasse, uniq_rupert
Lair:5:   wormcave, layout_regular_city, hangedman_lair_tendril_chambers,
          slime_entry_1, serial_bayou_shore_a
Shoals:1: layout_shoals, lightli_airlock
Shoals:2: layout_shoals, uniq_frances
Shoals:3: cheibrodos_shoals_three_sisters, layout_shoals, serial_shops,
          nicolae_shop_crystal, nzn_prometheus_bound, uniq_polyphemus
Shoals:4: shoals_end_hellmonk_lost_city
Spider:1: layout_spider_delve
Spider:2: layout_spider_delve, gammafunk_ghost_berserking_beasts
Spider:3: layout_spider_delve
Spider:4: grunt_spider_rune_circles
Orc:1:    layout_diamond_mine, kennysheep_orc_chapel, uniq_maurice, uniq_jorgrun
Orc:2:    grunt_orc_community_town_hall, layout_diamond_mine,
          grunt_orc_community_big_house_1, grunt_orc_community_big_house_1,
          grunt_orc_community_house_1, grunt_orc_community_house_1,
          grunt_orc_community_house_3, grunt_orc_community_house_3,
          enter_volcano_3

Notes
Turn   | Place    | Note
-------+----------+-------------------------------------------
     0 | D:1      | sanka the Demigod Summoner began the quest for the Orb.
     0 | D:1      | Reached XP level 1. HP: 14/14 MP: 5/5
    98 | D:1      | Reached skill level 2 in Spellcasting
   150 | D:1      | Reached XP level 2. HP: 20/20 MP: 7/7
   154 | D:1      | Learned a level 2 spell: Call Imp
   310 | D:1      | Reached skill level 4 in Summonings
   542 | D:1      | HP: 1/20 [jackal (2)]
  1031 | D:2      | Reached XP level 3. HP: 18/26 MP: 4/9
  1084 | D:2      | Learned a level 3 spell: Call Canine Familiar
  1171 | D:2      | Noticed Natasha
  1526 | D:2      | Reached skill level 3 in Spellcasting
  1639 | D:2      | Killed Natasha
  1640 | D:2      | Reached XP level 4. HP: 5/33 MP: 7/11
  2165 | D:2      | Noticed Natasha
  2186 | D:2      | Killed Natasha
  2295 | D:2      | Found Qupn's Antique Weapon Shoppe.
  2544 | D:3      | Found the +1 Delatra's gloves {ID++}
  2577 | D:3      | Reached skill level 5 in Summonings
  2582 | D:3      | Noticed Robin
  2616 | D:3      | Killed Robin
  2858 | D:3      | Reached XP level 5. HP: 37/38 MP: 7/12
  3227 | D:3      | Noticed Ijyb
  3253 | D:3      | Killed Ijyb
  3254 | D:3      | Reached skill level 6 in Summonings
  3533 | D:2      | Found Qupn's Antique Weapon Shoppe.
  3705 | D:2      | Noticed Natasha
  3715 | D:2      | Killed Natasha
  3786 | D:4      | Reached XP level 6. HP: 37/45 MP: 9/13
  4161 | D:4      | Found a runed translucent gate.
  4161 | D:4      | Found a runed translucent gate.
  4162 | D:4      | Found a runed translucent gate.
  4336 | D:4      | Noticed LetschGu's ghost (weakling KoDe)
  4629 | D:4      | Reached skill level 7 in Summonings
  4675 | D:4      | Killed LetschGu's ghost
  4768 | D:5      | Entered Level 5 of the Dungeon
  4932 | D:5      | Reached XP level 7. HP: 45/50 MP: 8/14
  5194 | D:5      | Found Doymmo Bilo's Antique Armour Boutique.
  5214 | D:5      | Reached skill level 8 in Summonings
  5214 | D:5      | Reached skill level 1 in Fighting
  5214 | D:5      | Reached skill level 2 in Dodging
  5499 | D:5      | Bought an ancient cloak for 228 gold pieces
  5499 | D:5      | Identified the +1 cloak "Wuseh" {Int+3 SInv} (You bought it
                  | in a shop on level 5 of the Dungeon)
  5734 | D:5      | Reached skill level 2 in Fighting
  5808 | D:6      | Reached skill level 3 in Dodging
  5857 | D:6      | Noticed a vampire
  5904 | D:6      | Killed a vampire
  5905 | D:6      | Reached skill level 3 in Fighting
  5905 | D:6      | Reached XP level 8. HP: 44/63 MP: 6/15
  6005 | D:6      | Reached skill level 4 in Dodging
  6212 | D:6      | Found a staircase to the Ecumenical Temple.
  6373 | D:6      | Reached skill level 4 in Fighting
  6732 | D:7      | Noticed Menkaure
  6743 | D:6      | HP: 5/66 [Menkaure (16)]
  6749 | D:6      | HP: 5/67 [??? (2)]
  6813 | D:5      | Identified 3 potions of resistance
  6885 | D:6      | Reached skill level 5 in Dodging
  6923 | D:6      | Killed Menkaure
  6951 | D:6      | Reached skill level 5 in Fighting
  7014 | D:7      | Noticed Prince Ribbit
  7027 | D:7      | Killed Prince Ribbit
  7108 | D:7      | Reached skill level 6 in Dodging
  7160 | D:7      | Identified +0 steam dragon scales
  7161 | D:7      | Reached XP level 9. HP: 75/75 MP: 13/16
  7230 | D:7      | Reached skill level 6 in Fighting
  7513 | D:7      | Found a runed translucent door.
  7514 | D:7      | Noticed Crazy Yiuf
  7667 | D:7      | Killed Crazy Yiuf
  7784 | D:8      | Noticed a cyclops
  7804 | D:8      | Killed a cyclops
  7805 | D:8      | Reached skill level 7 in Fighting
  7805 | D:8      | Reached skill level 7 in Dodging
  7846 | D:8      | Noticed Amaemon
  7855 | D:8      | Noticed an orange demon
  7885 | D:8      | Killed an orange demon
  7914 | D:8      | Killed Amaemon
  7915 | D:8      | Reached skill level 8 in Dodging
  8623 | D:9      | Reached skill level 8 in Fighting
  8630 | D:9      | Learned a level 4 spell: Summon Lightning Spire
  8670 | D:9      | Found Tirahassit's Assorted Antiques.
  8795 | D:5      | Bought a pair of runed boots for 180 gold pieces
  8960 | D:9      | Noticed Erica
  8979 | D:9      | Killed Erica
  8980 | D:9      | Reached skill level 2 in Air Magic
  8980 | D:9      | Reached XP level 10. HP: 52/88 MP: 9/17
  9547 | D:9      | Reached skill level 3 in Air Magic
  9772 | D:10     | Entered Level 10 of the Dungeon
 10032 | D:10     | Found a staircase to the Lair.
 10117 | D:10     | Reached skill level 9 in Summonings
 10471 | D:10     | Reached skill level 4 in Spellcasting
 10958 | D:11     | Noticed a two-headed ogre
 10969 | D:11     | Killed a two-headed ogre
 10970 | D:11     | Reached skill level 5 in Spellcasting
 10970 | D:11     | Reached skill level 10 in Summonings
 11022 | D:11     | Learned a level 7 spell: Summon Hydra
 11524 | D:11     | Noticed a manticore
 11539 | D:11     | Killed a manticore
 11651 | Lair:1   | Entered Level 1 of the Lair of Beasts
 11708 | Lair:1   | Noticed a black mamba
 11713 | Lair:1   | Killed a black mamba
 11714 | Lair:1   | Reached XP level 11. HP: 80/94 MP: 12/23
 11750 | Lair:1   | Reached skill level 6 in Spellcasting
 12009 | Lair:1   | Found a gate leading to a gauntlet.
 12023 | Lair:1   | Reached skill level 11 in Summonings
 12046 | Gauntlet | Entered a Gauntlet
 12046 | Gauntlet | Found a transporter.
 12068 | Gauntlet | Found a transporter.
 12071 | Gauntlet | Found a transporter.
 12072 | Gauntlet | Found a transporter.
 12079 | Gauntlet | Found a runed translucent door.
 12082 | Gauntlet | Found a transporter.
 12084 | Gauntlet | Found a transporter.
 12085 | Gauntlet | Found a transporter.
 12091 | Gauntlet | Noticed a hell hog
 12094 | Gauntlet | Found a transporter.
 12097 | Gauntlet | Found a transporter.
 12098 | Gauntlet | Found a transporter.
 12102 | Gauntlet | Found a runed translucent door.
 12105 | Gauntlet | Found a runed translucent door.
 12105 | Gauntlet | Noticed a great orb of eyes
 12106 | Gauntlet | Found a transporter.
 12109 | Gauntlet | Found a transporter.
 12110 | Gauntlet | Found a transporter.
 12118 | Gauntlet | Found a transporter.
 12118 | Gauntlet | Noticed a ghost crab
 12232 | Gauntlet | Identified +0 acid dragon scales
 12625 | Gauntlet | Identified the ring "Zeliepsi" {Ice Drain Fly rPois Str+5}
 12651 | Gauntlet | Killed a hell hog
 12652 | Gauntlet | Reached skill level 12 in Summonings
 12754 | Gauntlet | Killed a great orb of eyes
 12834 | Gauntlet | Killed a ghost crab
 12918 | Gauntlet | Identified the +5 trident "Inlacvik" {holy, rC+}
 12918 | Gauntlet | Noticed a minotaur
 12947 | Gauntlet | Killed a minotaur
 12948 | Gauntlet | Reached skill level 13 in Summonings
 13018 | Gauntlet | Identified the +4 troll leather armour "Arob" {rElec rF+
                  | Regen+}
 13053 | Gauntlet | Identified the +0 cloak "Jothryp" {rCorr Str-2 Int-2
                  | Stlth+}
 13993 | Lair:2   | Reached XP level 12. HP: 92/101 MP: 25/25
 14124 | Lair:2   | Reached skill level 14 in Summonings
 14438 | Lair:2   | Found a staircase to the Shoals.
 14856 | Lair:3   | Noticed a boulder beetle
 14921 | Lair:3   | Killed a boulder beetle
 14963 | Lair:3   | Found a frozen archway.
 14996 | Lair:3   | Reached skill level 15 in Summonings
 15015 | IceCv    | Entered an ice cave
 15786 | IceCv    | Identified a +2 leather armour of resistance
 15997 | IceCv    | Noticed a quicksilver ooze
 16000 | IceCv    | Killed a quicksilver ooze
 16190 | IceCv    | Noticed an azure jelly
 16198 | IceCv    | Killed an azure jelly
 16342 | IceCv    | Noticed an azure jelly
 16351 | IceCv    | Killed an azure jelly
 16502 | IceCv    | Got the ring of Obloitug {rElec rC+}
 16507 | IceCv    | Identified the +2 leather armour "Diluz" {rN+}
 16625 | Lair:3   | Found a runed translucent gate.
 16796 | Lair:3   | Reached skill level 16 in Summonings
 16803 | Lair:3   | Found a runed translucent gate.
 16803 | Lair:3   | Found a runed translucent gate.
 17055 | Lair:4   | Noticed a six-headed hydra
 17066 | Lair:4   | Killed a six-headed hydra
 17169 | Lair:4   | Noticed a catoblepas
 17189 | Lair:4   | Killed a catoblepas
 17298 | Lair:4   | Reached XP level 13. HP: 107/107 MP: 23/26
 17438 | Lair:4   | Noticed Rupert
 17444 | Lair:4   | Killed Rupert
 17493 | Lair:4   | Reached skill level 17 in Summonings
 18146 | Lair:5   | Entered Level 5 of the Lair of Beasts
 18205 | Lair:3   | Reached skill level 18 in Summonings
 18286 | Lair:3   | Found a hole to the Spider Nest.
 18447 | Lair:3   | You are sucked into a shaft and drop 2 floors!
 18586 | Lair:5   | Found a staircase to the Slime Pits.
 19000 | Lair:5   | Identified the +6 ring mail "Beza" {rPois Str+2}
 19058 | Lair:5   | Reached skill level 9 in Fighting
 19058 | Lair:5   | Reached skill level 9 in Dodging
 19695 | Lair:5   | Identified the +4 mace of the Hills {freeze, rElec rF+
                  | Str+3 Dex+4}
 19801 | Lair:5   | Reached XP level 14. HP: 119/119 MP: 13/27
 20156 | Lair:5   | Found a runed translucent door.
 20185 | Lair:5   | HP: 3/119 [ice dragon (11)]
 20563 | Lair:5   | Reached skill level 10 in Fighting
 20563 | Lair:5   | Reached skill level 10 in Dodging
 21481 | Lair:3   | Identified +0 steam dragon scales
 21943 | Lair:3   | Noticed Ruonwum's ghost (journeyman MfGl)
 21944 | Lair:3   | Noticed Ririga's ghost (journeyman TrHW)
 21956 | Lair:3   | Killed Ririga's ghost
 21956 | Lair:3   | Killed Ruonwum's ghost
 22047 | Lair:3   | Identified the ring "Puch" {Fly rN+}
 22337 | D:12     | Reached skill level 11 in Fighting
 22337 | D:12     | Reached skill level 11 in Dodging
 22944 | D:12     | Identified a potion of experience
 23043 | D:12     | Found a staircase to the Orcish Mines.
 23060 | Orc:1    | Entered Level 1 of the Orcish Mines
 23101 | Orc:1    | Noticed Maurice
 23126 | Orc:1    | Killed Maurice
 23185 | Orc:1    | Noticed Jorgrun
 23194 | Orc:1    | Killed Jorgrun
 23358 | Orc:2    | Entered Level 2 of the Orcish Mines
 23427 | Orc:2    | Found a dark tunnel.
 23477 | Volcano  | Entered a volcano
 24119 | Orc:2    | Found Otiaxzin's Antique Armour Shop.
 24213 | Orc:2    | Noticed an orc warlord
 24235 | Orc:2    | Killed an orc warlord
 24459 | Orc:2    | Noticed an orc warlord
 24521 | Orc:2    | Killed an orc warlord
 24588 | Orc:2    | Found a staircase to the Elven Halls.
 24602 | Orc:2    | Reached skill level 12 in Fighting
 24603 | Orc:2    | Noticed an orc warlord
 24618 | Orc:2    | Killed an orc warlord
 24619 | Orc:2    | Reached skill level 12 in Dodging
 24795 | Orc:2    | Found Hullueg's Antique Weapon Boutique.
 24797 | Orc:2    | Found Zuisaralulu's Antique Armour Shop.
 24969 | Orc:2    | Found Cueholonwi's General Store.
 25386 | Orc:2    | Bought a shimmering robe for 136 gold pieces
 25386 | Orc:2    | Identified the +1 robe of the Ancient Souls {rCorr Int-2
                  | Dex+6} (You bought it in a shop on level 2 of the Orcish
                  | Mines)
 25527 | D:13     | Noticed Snorg
 25531 | D:13     | Killed Snorg
 25841 | D:13     | Reached XP level 15. HP: 134/134 MP: 16/28
 25880 | D:13     | Found a gate to the Vaults.
 26939 | D:14     | Noticed Azrael
 26948 | D:14     | Killed Azrael
 26949 | D:14     | Reached skill level 13 in Fighting
 26950 | D:14     | Reached skill level 13 in Dodging
 26999 | D:14     | Found Xycut's Book Boutique.
 27693 | D:15     | Entered Level 15 of the Dungeon
 27933 | D:5      | Bought a pitted plate armour for 672 gold pieces
 27933 | D:5      | Identified the +1 plate armour "Feuntov" {rC+ Str+2} (You
                  | bought it in a shop on level 5 of the Dungeon)
 28145 | Orc:2    | Bought a cloak for 108 gold pieces
 28145 | Orc:2    | Bought a warped plate armour for 672 gold pieces
 28145 | Orc:2    | Identified the +11 plate armour "Ytsudom" {Will+} (You
                  | bought it in a shop on level 2 of the Orcish Mines)
 28145 | Orc:2    | Bought a distressingly furry plate armour for 672 gold
                  | pieces
 28145 | Orc:2    | Identified the +1 plate armour of Resilience {rElec SInv
                  | Stlth-} (You bought it in a shop on level 2 of the Orcish
                  | Mines)
 28588 | D:15     | Reached skill level 1 in Armour
 28770 | D:15     | Reached skill level 2 in Armour
 28869 | D:15     | Found a staircase to the Depths.
 28983 | D:15     | Reached skill level 3 in Armour
 29360 | D:15     | Reached skill level 4 in Armour
 29800 | D:15     | Found a one-way gate to the infinite horrors of the Abyss.
 29801 | D:15     | Noticed a tentacled starspawn
 29807 | D:15     | Killed a tentacled starspawn
 29836 | D:15     | Noticed a tentacled starspawn
 29842 | D:15     | Killed a tentacled starspawn
 29843 | D:15     | Reached skill level 5 in Armour
 30091 | D:15     | Identified the +0 pair of boots of Canoqatz {+Inv Fly
                  | rPois}
 30153 | D:15     | Found the +8 demon trident "Rift" {distort, reach+}
 30415 | Spider:1 | Entered Level 1 of the Spider Nest
 30537 | Spider:1 | Reached XP level 16. HP: 144/144 MP: 16/29
 30741 | Spider:1 | Reached skill level 19 in Summonings
 30741 | Spider:1 | Reached XP level 17. HP: 150/150 MP: 30/30
 31004 | Spider:1 | Reached skill level 6 in Armour
 31546 | Spider:1 | Learned a level 4 spell: Animate Armour
 31683 | Spider:2 | Found a transporter.
 31760 | Spider:2 | Found a transporter.
 31999 | Spider:2 | Noticed Kuxa's ghost (adept MeCK)
 32347 | Spider:2 | Reached skill level 7 in Armour
 33264 | Spider:2 | Reached skill level 8 in Armour
 33425 | Spider:2 | Identified the ring "Forghak" {rElec rN+ AC+4}
 33426 | Spider:2 | Killed Kuxa's ghost
 34420 | Spider:3 | Reached skill level 7 in Spellcasting
 34531 | Spider:3 | Reached skill level 9 in Armour
 35388 | Spider:4 | Entered Level 4 of the Spider Nest
 35544 | Spider:4 | Identified the +1 scale mail of Objectivity {+Inv}
 35647 | Spider:4 | Reached skill level 20 in Summonings
 35691 | Spider:4 | Reached skill level 8 in Spellcasting
 35762 | Spider:4 | Reached skill level 10 in Armour
 36772 | Spider:4 | Reached skill level 11 in Armour
 36821 | Spider:4 | Reached XP level 18. HP: 150/158 MP: 1/35
 36936 | Spider:4 | Got a gossamer rune of Zot
 37487 | Shoals:1 | Entered Level 1 of the Shoals
 37883 | Shoals:1 | Found a runed translucent door.
 39004 | Shoals:2 | Reached skill level 12 in Armour
 39327 | Shoals:2 | Noticed Frances
 39572 | Shoals:2 | Killed Frances
 41101 | Shoals:3 | Noticed Polyphemus
 41134 | Shoals:3 | Killed Polyphemus
 41285 | Shoals:3 | Reached skill level 13 in Armour
 41446 | Shoals:3 | Found Myolayps's General Store.
 42112 | Shoals:4 | Entered Level 4 of the Shoals
 42119 | Shoals:4 | Reached skill level 21 in Summonings
 42135 | Shoals:4 | HP: 6/158 [sea snake (15)]
 42140 | Shoals:3 | Drowned by a water nymph

Vanquished Creatures
  2 emperor scorpions (Spider:4)
  A ghost moth (Spider:4)
  A broodmother (Spider:2)
  A merfolk impaler (Shoals:1)
  Erica (D:9)
  A merfolk avatar (Shoals:2)
  2 merfolk aquamancers
  A boulder beetle (D:14)
  A two-headed ogre (D:11)
  Amaemon (D:8)
  3 sea snakes
  6 nameless horrors
  A deep elf pyromancer (D:15)
  2 wolf spiders
  2 ugly things
  A cyclops (D:13)
  An ice statue (Gauntlet)
  3 rime drakes
  A freezing wraith (D:14)
  2 komodo dragons
  A hornet (Spider:2)
  A tarantella (Spider:2)
  A wind drake (Shoals:3)
  A polar bear (Lair:4)
  A blink frog (Lair:4)
  3 jumping spiders
  A culicivora (Spider:4)
  2 yaks
  A vampire (D:6)
  A fire elemental (D:14)
  A fire bat (Volcano)
  A basilisk (Lair:2)
  5 redbacks (Spider:2)
  A steam dragon (Lair:3)
  A vampire mosquito (D:14)
  Menkaure (D:6)
  3 acid dragons
  A hell hound (D:14)
  6 water moccasins
  An orc warrior (Orc:2)
  2 great orb of eyes simulacra (IceCv)
  An ice beast (D:4)
  2 wolves (Lair:2)
  4 kobold brigands
  2 bullfrogs
  A wight (D:7)
  5 killer bees
  3 howler monkeys
  2 lava snakes (Volcano)
  A hound (D:5)
  2 orc priests
  Crazy Yiuf (D:7)
  2 iguanas
  7 orc wizards
  A scorpion simulacrum (D:4)
  2 gnolls (D:6)
  3 adders
  7 white imps
  2 worms
  An adder simulacrum (D:4)
  A dart slug (D:2)
  22 orcs
  4 endoplasms
  2 giant cockroaches (D:2)
  4 goblins
  5 hobgoblins
  5 jackals
  10 kobolds
  A quokka (D:1)
  6 ball pythons
  A bat (D:2)
  5 frilled lizards
  3 rats
  A butterfly (Lair:3)
  A tentacle (Shoals:3)
190 creatures vanquished.

Vanquished Creatures (collateral kills)
  Jorgrun (Orc:1)
  Rupert (Lair:4)
  2 tentacled starspawn (D:15)
  Frances (Shoals:2)
  The ghost of Kuxa the Severer, an adept MeCK of Xom (Spider:2)
  Polyphemus (Shoals:3)
  2 krakens
  2 azure jellies (IceCv)
  3 orc warlords (Orc:2)
  8 emperor scorpions
  A caustic shrike zombie (D:15)
  A quicksilver ooze (IceCv)
  Azrael (D:14)
  The ghost of Ririga the Cleaver, a journeyman TrHW of Fedhas (Lair:3)
  4 spark wasps
  A minotaur (Gauntlet)
  The ghost of Ruonwum the Carver, a journeyman MfGl of the Shining One (Lair:3)
  A merfolk javelineer (Shoals:2)
  Snorg (D:13)
  2 entropy weavers (Spider:2)
  A quicksilver dragon zombie (D:15)
  A great orb of eyes (Gauntlet)
  3 merfolk impalers
  A vault guard (D:13)
  An ice dragon (Lair:5)
  5 hydras
  3 merfolk avatars
  3 catoblepae
  A ghost crab (Gauntlet)
  3 radroaches
  2 jorogumos
  An ogre mage (D:15)
  6 merfolk aquamancers
  3 two-headed ogres (D:15)
  5 centaur warriors
  5 boulder beetles
  3 alligator snapping turtles
  2 tengu warriors
  5 death yaks
  A death knight (D:14)
  A satyr (Shoals:3)
  A hell hog (Gauntlet)
  A soul eater (D:12)
  7 skeletal warriors
  4 pharaoh ants
  11 steelbarb worms
  13 orb spiders
  A sun moth (Spider:2)
  14 sea snakes
  A flayed ghost (D:15)
  2 lindwurms (Lair:5)
  6 wizards (D:15)
  A necromancer (D:15)
  An orc knight (Orc:2)
  18 wolf spiders
  3 deep elf pyromancers
  6 harpies
  A frost giant zombie (D:15)
  4 orc sorcerers
  3 cyclopes
  11 ugly things
  10 fauns
  7 nameless horrors
  A fire giant zombie (D:15)
  4 moths of wrath
  8 manticores
  11 elephants
  A guardian serpent (Lair:5)
  2 molten gargoyles (Volcano)
  16 cane toads
  Maurice (Orc:1)
  12 black mambas
  7 merfolk sirens
  A smoke demon (Volcano)
  6 torpor snails
  3 ice statues (IceCv)
  3 demonic crawlers (Spider:1)
  2 orange demons
  3 water nymphs
  4 gargoyles
  7 komodo dragons
  A cane toad (shapeshifter) (D:14)
  A freezing wraith (D:14)
  5 rime drakes
  An unseen horror (D:13)
  2 tengu conjurers
  3 ice devils (D:12)
  A hellwing (D:12)
  2 wind drakes
  3 red devils (Volcano)
  10 meliai
  A queen bee (Lair:3)
  5 trolls
  29 merfolk
  4 polar bears
  20 tarantellas
  A tarantella (shapeshifter) (D:15)
  15 blink frogs
  11 hornets
  Prince Ribbit (D:7)
  3 tyrant leeches (Lair:5)
  7 dream sheep
  A centaur simulacrum (D:14)
  7 snapping turtles
  36 jumping spiders
  18 slime creatures
  11 water elementals
  A yak (shapeshifter) (D:13)
  16 culicivoras
  2 shadows (D:10)
  5 wraiths
  4 starcursed masses (D:15)
  A spriggan (shapeshifter) (D:14)
  15 wyverns
  9 fire bats
  15 yaks
  7 basilisks
  4 fire elementals (D:14)
  2 steam dragons
  A chaos spawn (D:12)
  67 redbacks
  8 vampire mosquitoes
  6 hell hounds
  24 water moccasins
  An ice beast (D:5)
  30 orc warriors
  6 ogres
  3 great orb of eyes simulacra (IceCv)
  5 wolves
  8 centaurs
  A kobold brigand (D:9)
  4 slime creature simulacra (IceCv)
  2 necrophages
  A gnoll sergeant (D:9)
  3 scorpions
  8 bullfrogs
  3 glowing shapeshifter simulacra (IceCv)
  4 wights (D:7)
  31 killer bees
  6 howler monkeys
  The ghost of LetschGu the Sneak, a weakling KoDe (D:4)
  3 electric eels
  5 lava snakes (Volcano)
  3 quasits (D:12)
  A jelly (D:6)
  23 orc priests
  A hound (D:4)
  Ijyb (D:3)
  2 iguanas
  Natasha (thrice) (D:2)
  21 orc wizards
  4 shapeshifter simulacra (IceCv)
  3 scorpion simulacra (D:4)
  Robin (D:3)
  6 gnolls
  A river rat (Lair:3)
  3 adders
  8 white imps
  A worm (D:3)
  2 dart slugs (D:1)
  69 orcs
  3 endoplasms
  2 giant cockroaches (D:1)
  13 goblins
  5 hobgoblins
  2 jackals (D:1)
  23 kobolds
  A quokka (D:3)
  4 ball pythons
  A rat (D:2)
  3 fungi
  5 starspawn tentacles (D:15)
  6 tentacles
1042 creatures vanquished.

Vanquished Creatures (others)
  A slime creature (D:14)
  58 fungi
  125 plants
  3 starspawn tentacles (D:15)
  13 tentacles
  9 withered plants (D:15)
209 creatures vanquished.

Grand Total: 1441 creatures vanquished
